 Dungeon Crawl Stone Soup version 0.28-a0-1087-gf3fc490d9d (webtiles) character file.

Game seed: 1504586184323724907

2 siradein the Digger (level 1, -1/14 HPs)
             Began as a Ghoul Earth Elementalist on Dec 10, 2021.
             Slain by a quokka (3 damage)
             ... on level 1 of the Dungeon.
             The game lasted 00:00:19 (84 turns).

siradein the Digger (Ghoul Earth Elementalist)        Turns: 84, Time: 00:00:19

Health: -1/14      AC:  2    Str: 11    XL:     1   Next: 40%
Magic:  0/2        EV: 12    Int: 10    God:
Gold:   0          SH:  0    Dex:  9    Spells: 2/3 levels left

rFire   . . .      SeeInvis .   (no weapon)
rCold   + . .      Faith    .   (no shield)
rNeg    + + +      Spirit   .   b - +0 robe
rPois   ∞          Reflect  .   (no helmet)
rElec   .          Harm     .   (no cloak)
rCorr   .          Rampage  .   (no gloves)
Will    .....                   (no boots)
Stlth   ++........              (no amulet)
HPRegen 0.00/turn               (no ring)
MPRegen 0.08/turn               (no ring)

@: inhibited regen
A: claws 1, cold resistance 1, negative energy resistance 3, inhibited
regeneration, torment resistance 2
a: no special abilities


You were on level 1 of the Dungeon.
You visited 1 branch of the dungeon, and saw 1 of its levels.

Inventory:

Missiles
 c - 42 stones
Armour
 b - a +0 robe (worn)
Potions
 a - a potion of cancellation {unknown}
 d - a potion of brilliance {unknown}


   Skills:
 + Level 1.8 Dodging
 - Level 2.2 Stealth
 + Level 1.8 Spellcasting
 + Level 1.0 Transmutations
 + Level 3.3 Earth Magic


You had 2 spell levels left.
You knew the following spells:

 Your Spells              Type           Power      Damage    Failure   Level
a - Sandblast             Erth           14%        2d6       9%          1

Your spell library contained the following spells:

 Spells                   Type           Power      Damage    Failure   Level
 Passwall                 Tmut/Erth      4%         N/A       21%         2
 Stone Arrow              Conj/Erth      8%         3d7       43%         3
 Petrify                  Tmut/Erth      5%         N/A       78%         4


Dungeon Overview and Level Annotations

Branches:
Dungeon (1/15)

Altars:


Innate Abilities, Weirdness & Mutations

You thrive by killing the living.
You are immune to poison.
You have sharp fingernails.
Your flesh is cold resistant. (rC+)
You are immune to negative energy. (rN+++)
You do not regenerate when monsters are visible.
You are immune to unholy pain and torment.


Message History

The quokka closely misses you.
Aiming: Sandblast (safe; 9% risk of failure)
Press: ? - help, Q - select action, (/) - cycle Shift-Dir - straight line, f/p - quokka
Aim: a quokka (lightly wounded, 69% to hit)
The blast of sand misses the quokka.
The blast of sand hits the endoplasm!
You kill the endoplasm!
The quokka barely misses you.
Your Transmutations skill increases to level 1!
You don't have enough magic to cast this spell.
You don't have enough magic to cast this spell.
Unknown command.
You closely miss the quokka.
The quokka is lightly wounded.
The quokka bites you.
* * * LOW HITPOINT WARNING * * *
You barely miss the quokka.
The quokka is lightly wounded.
The quokka completely misses you.
You scratch the quokka but do no damage.
The quokka bites you.
* * * LOW HITPOINT WARNING * * *
You scratch the quokka but do no damage.
The quokka completely misses you. The quokka misses you.
You scratch the quokka.
The quokka is lightly wounded.
The quokka barely misses you.
You barely miss the quokka.
The quokka is lightly wounded.
The quokka closely misses you.
You scratch the quokka but do no damage.
The quokka is lightly wounded.
The quokka misses you.
You completely miss the quokka.
The quokka is lightly wounded.
The quokka bites you but does no damage.
The quokka barely misses you.
You miss the quokka.
The quokka is lightly wounded.
The quokka bites you.
You die...

#..#.....#...#
#..#######...#
.#
#..........###
...
#.....#.####
#..#######.#
#.........#
####....###
######.### .
##..Jr@.# .###
#..###### ...
#.## #..#)#
#.#.# #.J.#
###.# #......#
#.........#


You could see an endoplasm and a quokka.

Vanquished Creatures
  An endoplasm (D:1)
  A goblin (D:1)
2 creatures vanquished.

Notes
Turn   | Place    | Note
-------+----------+-------------------------------------------
     0 | D:1      | siradein the Ghoul Earth Elementalist began the quest for
                  | the Orb.
     0 | D:1      | Reached XP level 1. HP: 14/14 MP: 2/2
    75 | D:1      | Reached skill level 1 in Transmutations
    84 | D:1      | Slain by a quokka

Illustrated notes

Levels and vault maps discovered:
D:1:      ebering_hopf_link, layout_rooms, serial_shops,
          nicolae_shop_advertising_works [nicolae_subvault_shop_adworks]

Skill      XL: |  1 |
---------------+----+-----
Transmutations | 1 |  1.0
Dodging        | |  1.8
Stealth        | |  2.2
Spellcasting   | |  1.8
Earth Magic    | |  3.3

Action                   || total
-------------------------++-------
Melee: Unarmed           ||    13
 Cast: Sandblast         ||     2
Armor: Robe              ||     1
Dodge: Dodged            ||    12

Table legend: (Time is in decaauts)
 A = Elapsed time spent in this place.
 B = Non-inter-level travel time spent in this place.
 C = Inter-level travel time spent in this place.
 D = Time resting spent in this place.
 E = Time spent auto-exploring this place.
 F = Levels seen in this place.
 G = Mean time per level.
                   A        B        C        D        E       F      G
               +--------+--------+--------+--------+--------+-----+--------+
         Total |     84 |     84 |      0 |      0 |     52 |   1 |   84.0 |
       Dungeon |     84 |     84 |      0 |      0 |     52 |   1 |   84.0 |
               +--------+--------+--------+--------+--------+-----+--------+

Top non-repeatable levels by time:
     D:1: 84 daAuts
